 Dungeon Crawl Stone Soup version 0.25-a0-292-gaa31f046c4 (webtiles) character file.

Game seed: 15877068362572648985, levelgen mode: deterministic

79 floatRand the Insei (level 4, 34/35 HPs)
             Began as a Demonspawn Monk on Dec 15, 2019.
             Quit the game on level 3 of the Dungeon.
             The game lasted 00:01:53 (1889 turns).

floatRand the Insei (Demonspawn Monk)               Turns: 1889, Time: 00:01:54

Health: 34/35      AC:  2    Str: 12    XL:     4   Next: 17%
Magic:  4/4        EV: 17    Int: 12    God:
Gold:   135        SH:  8    Dex: 15    Spells: 3/3 levels left

rFire    . . .     SeeInvis .     - Unarmed
rCold    . . .     Gourm    .   (no shield)
rNeg     . . .     Faith    .   a - +0 robe
rPois    .         Spirit   .   (no helmet)
rElec    .         Reflect  +   (no cloak)
rCorr    .         Harm     .   (no gloves)
MR       .....                  (no boots)
Stlth    +++.......             g - +4 amulet of reflection
HPRegen  0.11/turn              f - +4 ring of evasion
MPRegen  0.09/turn              i - ring of stealth

@: no status effects
A: hooves 1, large bone plates 1
a: no special abilities


You were on level 3 of the Dungeon.
You were not hungry.

You visited 1 branch of the dungeon, and saw 3 of its levels.

You collected 135 gold pieces.

Inventory:

Armour
 a - a +0 robe (worn)
Jewellery
 f - a +4 ring of evasion (left hand)
 g - a +4 amulet of reflection (around neck)
 i - a ring of stealth (right hand)
 o - an uncursed ring of stealth
Wands
 t - a wand of polymorph (9)
Scrolls
 d - a scroll of blinking {unknown}
 h - a scroll of remove curse {unknown}
 k - a scroll of random uselessness {unknown}
 l - 2 scrolls of teleportation {unknown}
 m - 2 scrolls of identify {unknown}
 p - 2 scrolls of fear {unknown}
 s - 3 scrolls of fog {unknown}
Potions
 c - 3 potions of berserk rage {unknown}
 e - a potion of mutation {unknown}
 j - a potion of lignification {unknown}
 n - a potion of flight {unknown}
 r - a potion of cancellation {unknown}
 u - a potion of ambrosia {unknown}
Comestibles
 b - 5 rations
 q - 5 chunks of flesh


   Skills:
 - Level 3.0 Fighting
 - Level 2.6 Dodging
 - Level 1.7 Stealth
 + Level 4.6 Unarmed Combat


You had 3 spell levels left.
You didn't know any spells.
Your spell library contained the following spells:

 Spells                   Type           Power        Failure   Level  Hunger
 Animate Skeleton         Necr           N/A          32%         1    ##.....
 Apportation              Tloc           #.....       32%         1    ##.....
 Confusing Touch          Hex            #.....       32%         1    ##.....
 Summon Small Mammal      Summ           #...         32%         1    ##.....


Dungeon Overview and Level Annotations

Branches:
Dungeon (3/15)

Altars:
Hepliaklqana
Ru


Innate Abilities, Weirdness & Mutations

You have large cloven feet.
You are partially covered in large bone plates. (SH +4)


Message History

You kill Jessica!
You have reached level 4!
You feel clever.
Your demonic ancestry asserts itself...
Large bone plates grow over parts of your arms.
No target in view!
No target in view!
Unknown command.
u - a silvery potion
Things that are here:
a cursed -3 dagger; a +0 robe; the human corpse of Jessica You butcher the human corpse of Jessica.
q - 5 chunks of flesh (gained 4)
Things that are here:
a cursed -3 dagger; a +0 robe; the human skeleton of Jessica There isn't anything to butcher here.
Sorry, you're not good enough to have a special ability.
Unknown command.
Are you sure you want to abandon this character and quit the game? (Confirm with "yes".)
Okay, then.
Are you sure you want to abandon this character and quit the game? (Confirm with "yes".)

### ..# #.#
#.#
####.#######
#...........
# #.##)#
#.#.##.#
#.#.##@#
#......#
###.####
#...# #.###
#_# #+## #.#
##...##
#.###
##.....#
#.#.##
##......###


There were no monsters in sight!

Vanquished Creatures
  Jessica (D:3)
  An adder (D:2)
  A dart slug (D:1)
  A leopard gecko (D:1)
  A giant cockroach (D:2)
  6 goblins
  3 hobgoblins
  4 jackals (D:1)
  8 kobolds
  A quokka (D:2)
  7 bats
  4 frilled lizards
  3 rats
41 creatures vanquished.

Notes
Turn   | Place    | Note
-------+----------+-------------------------------------------
     0 | D:1      | floatRand the Demonspawn Monk began the quest for the Orb.
     0 | D:1      | Reached XP level 1. HP: 18/18 MP: 1/1
   330 | D:1      | Reached skill level 3 in Unarmed Combat
   347 | D:1      | Gained mutation: You have large cloven feet. [demonic
                  | ancestry]
   347 | D:1      | Reached XP level 2. HP: 21/24 MP: 2/2
  1076 | D:2      | Reached XP level 3. HP: 18/29 MP: 3/3
  1331 | D:2      | Found a sacrificial altar of Ru.
  1348 | D:2      | Reached skill level 4 in Unarmed Combat
  1861 | D:3      | Found a hazy altar of Hepliaklqana.
  1876 | D:3      | Noticed Jessica
  1882 | D:3      | Killed Jessica
  1882 | D:3      | Gained mutation: You are partially covered in large bone
                  | plates. (SH +4) [demonic ancestry]
  1882 | D:3      | Reached XP level 4. HP: 34/35 MP: 4/4
  1889 | D:3      | Quit the game

Levels and vault maps discovered:
D:1:      onia_arrival_mini_spirals, layout_basic, kennysheep_decorative_pillar
D:2:      layout_rooms, nicolae_overflow_crystal_walls
D:3:      layout_loops_corners, overflow_temple_1_default,
          nicolae_qazlal_eye_of_the_storm, corexii_corridor_pit,
          amethyst_killhole, uniq_jessica

Skill      XL: |  1  2  3 |
---------------+----------+-----
Unarmed Combat | 3 4 |  4.6
Fighting       | |  3.0
Dodging        | |  2.6
Stealth        | |  1.7

Action                   |  1- 3 |  4- 6 || total
-------------------------+-------+-------++-------
Melee: Unarmed           |   106 |       ||   106
       Kick              |    17 |       ||    17
 Stab: Sleeping          |     4 |       ||     4
  Eat: Chunk             |     3 |       ||     3
Armor: Robe              |     9 |       ||     9
Dodge: Dodged            |    89 |       ||    89
Block: Other             |     6 |       ||     6

Table legend:
 A = Non-vault XP
 B = Vault XP
 C = Vault XP percentage of total XP
 D = Non-vault monster count
 E = Vault monster count
 F = Vault count percentage of total count
                 A         B        C        D         E       F
            +---------+---------+-------+---------+---------+-------
      Total |      77 |      37 |  32.5 |      40 |       1 |   2.4
            +---------+---------+-------+---------+---------+-------
        D:1 |      38 |       0 |   0.0 |      21 |       0 |   0.0
        D:2 |      33 |       0 |   0.0 |      15 |       0 |   0.0
        D:3 |       6 |      37 |  86.0 |       4 |       1 |  20.0
            +---------+---------+-------+---------+---------+-------
